 Dungeon Crawl Stone Soup version 0.21-a0-82-gdb84782 (webtiles) character file.

306 MackTheKnife the Gusty (level 6, -1/32 HPs)
             Began as a Tengu Air Elementalist on June 24, 2017.
             Killed by divine providence
             ... invoked by an orc priest
              (14 damage)
             ... on level 4 of the Dungeon.
             The game lasted 00:06:29 (3819 turns).

MackTheKnife the Gusty (Tengu Air Elementalist)     Turns: 3819, Time: 00:06:29

Health: -1/32      AC:  3    Str:  9    XL:     6   Next: 39%
Magic:  1/12       EV: 12    Int: 17    God:
Gold:   246        SH:  0    Dex: 17    Spells: 6/12 levels left

rFire    . . .     SeeInvis .   w - +1 hand axe (venom)
rCold    . . .     Gourm    +   (no shield)
rNeg     . . .     Faith    .   g - +0 leather armour
rPois    .         Spirit   .   (helmet restricted)
rElec    .         Reflect  .   (no cloak)
rCorr    .         Harm     .   (no gloves)
MR       .....                  (boots unavailable)
Stlth    ++........             f - amulet of the gourmand {Gourm, !d}
HPRegen  0.10/turn              p - ring of flight {+Fly, !d}
MPRegen  0.13/turn              m - +3 ring of dexterity

@: no status effects
A: beak, talons 3, able to fly 1
a: Fly, Evoke Flight


You were on level 4 of the Dungeon.
You were near starving.

You visited 1 branch of the dungeon, and saw 4 of its levels.

You collected 246 gold pieces.

Inventory:

Hand Weapons
 q - a +3 dagger
   (You found it on level 2 of the Dungeon)
 w - a +1 hand axe of venom (weapon)
   (You found it on level 4 of the Dungeon)
 x - a +2 dagger of venom
   (You took it off an orc wizard on level 4 of the Dungeon)
Armour
 g - a +0 leather armour (worn)
   (You found it on level 3 of the Dungeon)
Jewellery
 f - an amulet of the gourmand (around neck) {Gourm, !d}
   (You took it off a kobold on level 2 of the Dungeon)
 m - a +3 ring of dexterity (right hand)
   (You found it on level 2 of the Dungeon)
 p - a ring of flight (left hand) {+Fly, !d}
   (You found it on level 2 of the Dungeon)
Scrolls
 d - a scroll of enchant weapon {unknown}
 e - a scroll of fog {unknown}
 k - 2 scrolls of remove curse
 l - a scroll of recharging {unknown}
 n - 3 scrolls of amnesia
 r - a scroll of enchant armour {unknown}
 u - a scroll of blinking {unknown}
 v - a scroll of identify
Potions
 h - a potion of brilliance
 i - 2 potions of agility
 o - a potion of haste
 s - a potion of curing {unknown}
Books
 b - a book of Air
Comestibles
 a - 5 fruits
 c - 3 bread rations {@e1}
 j - a royal jelly
 t - a meat ration {@e2}


   Skills:
 - Level 2.1 Dodging
 - Level 2.0 Stealth
 + Level 3.8 Spellcasting
 + Level 4.7 Conjurations
 + Level 6.3 Air Magic


You had 6 spell levels left.
You knew the following spells:

 Your Spells              Type           Power        Failure   Level  Hunger
a - Static Discharge      Conj/Air       ###.....     7%          3    ###....
s - Swiftness             Chrm/Air       ##......     10%         2    ##.....
z - Shock                 Conj/Air       ###.         2%          1    None


Dungeon Overview and Level Annotations

Branches:
Dungeon (4/15)
 Temple: D:4-7

Altars:
Makhleb


Innate Abilities, Weirdness & Mutations

You have a beak for a mouth.
You have claws for feet.
You can fly.


Message History

You swoop lightly up into the air.
You are near starving!
You now have 7/11 mp.
The zap hits the orc priest. x2
You kill the orc priest!
You now have 6/11 mp.
Okay, then.
Aim: an orc wizard, wielding a dagger and wearing a robe The zap hits the orc.
You kill the orc!
The zap hits the orc wizard. x3
The orc wizard gestures wildly while chanting.
The orc wizard flickers and vanishes!
Deactivating autopickup; reactivate with Ctrl-A.
The zap hits the orc wizard.
The zap hits the orc.
You kill the orc!
The zap hits something.
The orc wizard gestures wildly while chanting.
The orc wizard seems to speed up.
You hear a shout!
You now have 5/11 mp.
The zap hits the orc wizard.
You kill the orc wizard!
Your Air Magic skill increases to level 6!
You have reached level 6!
Your experience leads to an increase in your attributes!
Your base attributes are Str 9, Int 16, Dex 14.
Increase (S)trength, (I)ntelligence, or (D)exterity?
You feel clever.
The zap hits something.
A gnoll comes into view. It is wielding a flail.
Health restored: 32 You now have 4/12 mp.
Aim: a gnoll, wielding a flail (hasn't noticed you)
The zap hits something.
Reactivating autopickup.
You feel a bit more experienced.
The zap misses the gnoll.
The gnoll shouts!
A gnoll comes into view. It is wielding a flail.
You now have 3/12 mp.
Aim: a gnoll, wielding a flail
Okay, then.
A dagger of venom.
There is something else lying underneath.
The floor.
Things that are here:
a ring mail; an orc corpse
Things that are here:
a dagger of venom; a robe; an orc corpse
x - a dagger of venom
Things that are here:
a ring mail; an orc corpse A gnoll comes into view.
It is wielding a spear.
The zap hits the giant cockroach.
You kill the giant cockroach!
The zap misses the gnoll.
The zap hits the gnoll. x2
You kill the gnoll!
You now have 3/12 mp.
The zap hits the gnoll.
You now have 2/12 mp.
The gnoll barely misses you.
The zap misses the gnoll.
The zap hits the gnoll.
The gnoll hits you with a flail.
You take 6 damage, and have 26/32 hp.
You now have 2/12 mp.
The zap hits the gnoll. x2
You now have 1/12 mp.
The zap misses the gnoll.
The zap hits the gnoll.
The gnoll hits you with a flail!
You take 10 damage, and have 16/32 hp.
MASSIVE DAMAGE!!
You now have 0/12 mp.
The gnoll shouts!
You hit the gnoll.
You kill the gnoll!
You are starting to lose your buoyancy.
An orc comes into view.
A gnoll comes into view. It is wielding a spear.
You float gracefully downwards.
The orc shouts!
An orc priest comes into view. It is wielding a whip.
The zap hits the gnoll.
The gnoll hits you from afar with a spear.
You take 1 damage, and have 19/32 hp.
You now have 4/12 mp.
The zap hits the gnoll.
The gnoll misses you.
You now have 3/12 mp.
The zap misses the gnoll.
The zap hits the orc.
The gnoll hits you from afar with a spear.
You take 6 damage, and have 13/32 hp.
You now have 2/12 mp.
The zap hits the gnoll.
The zap hits the orc.
You kill the orc!
The gnoll hits you from afar with a spear.
You take 1 damage, and have 12/32 hp.
You now have 1/12 mp.
The zap hits the gnoll.
You kill the gnoll!
You now have 0/12 mp.
You start resting.
The orc priest shouts!
The orc priest calls down the wrath of Beogh upon you.
Beogh smites you!
You die...

.##.#.#.....#
.##.#.#...#.#
..........#.#
.##.#.#...#.#
..#.#.#...#.#
..........#.## #######
..#.#.#...#..# #.....#
....#.#...#..# #.###.#
....#.#...#..###@###.#
...##................#
..........o..........#
..........#......#####
..........##)#####
..........##[#
.##..#...###.#
.........# #.#
..#..#...# #o#


You could see an orc priest.

Vanquished Creatures
  A bullfrog skeleton (D:4)
  An orc priest (D:4)
  2 orc wizards (D:4)
  A howler monkey skeleton (D:4)
  5 adders
  3 gnolls (D:4)
  3 oozes
  2 worms (D:3)
  2 dart slugs
  2 leopard geckos
  4 orcs
  A ball python (D:1)
  9 giant cockroaches
  7 goblins
  10 hobgoblins
  2 quokkas (D:3)
  4 bats
  6 frilled lizards
  16 kobolds
  3 rats
84 creatures vanquished.

Notes
Turn   | Place    | Note
-------+----------+-------------------------------------------
     0 | D:1      | MackTheKnife the Tengu Air Elementalist began the quest for the Orb.
     0 | D:1      | Reached XP level 1. HP: 10/10 MP: 4/4
   227 | D:1      | Reached XP level 2. HP: 13/15 MP: 4/6
   426 | D:1      | Learned a level 2 spell: Swiftness
   437 | D:1      | Found a burning altar of Makhleb.
   781 | D:1      | Reached skill level 2 in Conjurations
   952 | D:1      | Reached XP level 3. HP: 19/19 MP: 5/7
  1599 | D:2      | Learned a level 3 spell: Static Discharge
  1869 | D:2      | Reached skill level 5 in Air Magic
  1905 | D:2      | Reached XP level 4. HP: 24/24 MP: 6/9
  2241 | D:3      | Reached skill level 3 in Conjurations
  2663 | D:3      | Reached skill level 3 in Spellcasting
  2768 | D:3      | Gained mutation: You can fly. [Tengu growth]
  2768 | D:3      | Reached XP level 5. HP: 26/28 MP: 10/10
  3718 | D:4      | Reached skill level 4 in Conjurations
  3753 | D:4      | Reached skill level 6 in Air Magic
  3753 | D:4      | Reached XP level 6. HP: 32/32 MP: 4/12
  3819 | D:4      | Killed from afar by an orc priest

Vault maps used:
D:1:      eino_arrival_cavern_e, minmay_gold_behind_fungi,
          kennysheep_flooded_box, minmay_misc_feat_columns
D:2:      st_stairs_6
D:3:      kb_forest_paths, first_bread
D:4:      uniq_natasha

Skill      XL: |  1  2  3  4  5 |
---------------+----------------+-----
Conjurations   | 2 3 4 |  4.7
Air Magic      | 5 6 |  6.3
Spellcasting   | 3 |  3.8
Dodging        | |  2.1
Stealth        | |  2.0

Action                   |  1- 3 |  4- 6 || total
-------------------------+-------+-------++-------
Melee: Unarmed           |     4 |       ||     4
       Whip              |    37 |       ||    37
       Kick              |    10 |    20 ||    30
       Peck              |     5 |     9 ||    14
       War axe           |     7 |       ||     7
       Dagger            |     4 |    57 ||    61
       Hand axe          |       |     8 ||     8
 Cast: Shock             |    36 |    38 ||    74
       Static Discharge  |       |    10 ||    10
 Abil: Evoke Flight      |       |     1 ||     1
  Use: Scroll            |       |     5 ||     5
 Stab: Sleeping          |     6 |     6 ||    12
  Eat: Chunk             |     2 |     6 ||     8
       Fruit             |       |     1 ||     1
Armor: Robe              |    10 |     2 ||    12
       Leather armour    |       |    14 ||    14
Dodge: Dodged            |    35 |    37 ||    72

Vault maps used:
D:1:      eino_arrival_cavern_e, minmay_gold_behind_fungi,
          kennysheep_flooded_box, minmay_misc_feat_columns
D:2:      st_stairs_6
D:3:      kb_forest_paths, first_bread
D:4:      uniq_natasha

Table legend:
 A = Turns spent in this place as a percentage of turns spent in the entire game.
 B = Non-inter-level travel turns spent in this place as a percentage of non-inter-level travel turns spent in the entire game.
 C = Inter-level travel turns spent in this place as a percentage of turns spent in this place.
 D = Turns resting spent in this place as a percentage of non-inter-level travel turns spent in this place.
 E = Turns spent auto-exploring this place as a percentage of non-inter-level travel turns spent in this place.
 F = Non-inter-level travel turns spent in this place divided by the number of levels of this place that you've seen.
                   A       B       C       D       E      F
               +-------+-------+-------+-------+-------+----------------------
         Total | 100.0 | 100.0 |   0.6 |   5.1 |  14.6 | 200.5
       Dungeon | 100.0 | 100.0 |   0.6 |   5.1 |  14.6 | 200.5
               +-------+-------+-------+-------+-------+----------------------

Table legend:
 A = Kills in this place as a percentage of kills in entire the game.
 B = Kills by you in this place as a percentage of kills by you in the entire game.
 C = Kills by friends in this place as a percentage of kills by friends in the entire game.
 D = Other kills in this place as a percentage of other kills in the entire game.
 E = Experience gained in this place as a percentage of experience gained in the entire game.
 F = Experience gained in this place divided by the number of levels of this place that you have seen.
                   A       B       C       D       E      F
               +-------+-------+-------+-------+-------+----------------------
         Total | 100.0 | 100.0 |  -nan |  -nan | 100.0 | 109.5
       Dungeon | 100.0 | 100.0 |  -nan |  -nan | 100.0 | 109.5
               +-------+-------+-------+-------+-------+----------------------
